Map: Discord IV

Players

bahageorge

  • Race: Protoss Protoss
  • Spawn Location: 11:00

Gracz

  • Race: Zerg Zerg
  • Spawn Location: 9:00

aiya - Winner!

  • Race: Terran Terran
  • Spawn Location: 5:00

Getin - Winner!

  • Race: Zerg Zerg
  • Spawn Location: 5:00

VOD

Have the link to the VOD?

Description

Time

  • Played on: March 8, 2016, 9:46 a.m.
  • Length: 8:22
Show
View Real Time Build Order
Export as new Build Order

bahageorge Protoss 

Build Orders:  

Get SALT Encoding   

  12  0:04  Probe (Chrono Boost)  
  13  0:14  Probe (Chrono Boost)  
  14  0:25  Probe (Chrono Boost)  
  14  0:27  Pylon  
  15  0:38  Assimilator  
  15  0:48  Gateway, Probe (Chrono Boost)  
  16  0:59  Probe (Chrono Boost)  
  17  1:06  Pylon  
  17  1:09  Probe (Chrono Boost)  
  18  1:16  Assimilator  
  18  1:20  Probe (Chrono Boost)  
  19  1:30  Probe (Chrono Boost)  
  20  1:35  Gateway  
  20  1:41  Probe (Chrono Boost), Cybernetics Core  
  21  1:52  Probe (Chrono Boost)  
  22  2:08  Probe (Chrono Boost)  
  22  2:14  Gateway  
  23  2:17  Warp Gate (Chrono Boost)  
  23  2:19  Probe  
  26  2:38  Stalker (Chrono Boost)  
  26  2:40  Stalker (Chrono Boost)  
  28  2:54  Pylon  
  28  3:07  Stalker (Chrono Boost)  
  30  3:19  Pylon  
  34  3:20  Stalker (Chrono Boost)  
  34  3:22  Stalker (Chrono Boost)  
  32  4:11  Nexus  
  32  4:34  Pylon  
  32  4:48  Assimilator  
  32  4:52  Assimilator  
  32  4:54  Pylon, Stalker  
  32  4:55  Stalker  
  32  4:56  Stalker  
  38  5:07  Pylon  
  38  5:57  Stalker  
  38  5:58  Stalker  
  38  5:59  Stalker  
  40  6:26  Stalker  
  40  6:27  Stalker  
  40  6:35  Probe  
  41  6:46  Probe  
  42  6:55  Stalker  
  42  6:56  Stalker, Probe  
  44  7:14  Stalker  
  46  7:21  Pylon  
  45  7:26  Pylon  
Show
View Real Time Build Order
Export as new Build Order

Gracz Zerg 

Build Orders: Pool Only 

Get SALT Encoding   

  12  0:02  Drone  
  13  0:08  Drone  
  14  0:17  Overlord  
  14  0:38  Drone  
  14  0:40  Spawning Pool  
  14  0:41  Drone  
  15  1:01  Drone x3  
  15  1:02  Extractor  
  17  1:16  Drone  
  18  1:28  Queen  
  20  1:34  Roach Warren  
  19  1:41  Drone x2  
  19  1:42  Extractor  
  20  1:56  Zergling x2  
  21  2:07  Overlord  
  21  2:11  Queen, Baneling Nest  
  22  2:18  Overlord  
  21  3:14  Burrow  
  21  3:23  Roach, Zergling x2  
  21  3:24  Roach x4  
  32  4:10  Zergling x10  
  32  4:16  Drone  
  38  4:31  Overlord  
  38  4:32  Overlord x2  
  38  5:10  Metabolic Boost  
  38  5:12  Lair  
  22  5:53  Roach, Zergling x2  
  22  5:54  Roach x7  
  39  6:33  Glial Reconstitution  
  40  6:47  Zergling x12  
  40  6:49  Drone  
  46  6:54  Ravager  
  46  6:55  Ravager x3  
  46  6:56  Ravager x2  
  46  6:57  Ravager x2  
  54  7:06  Spire  
  23  7:51  Drone  
  23  7:52  Zergling x2  
  23  7:53  Roach, Zergling x2  
  23  7:54  Roach x3  
  33  7:59  Drone  
  33  8:00  Drone x2  
  33  8:05  Hydralisk Den  
Show
View Real Time Build Order
Export as new Build Order

aiya Terran - Winner!

Build Orders: MMM Bio 

Get SALT Encoding   

  12  0:02  SCV  
  13  0:14  SCV  
  13  0:18  Supply Depot  
  14  0:26  SCV  
  15  0:30  Refinery  
  15  0:42  Barracks  
  15  0:45  SCV  
  16  0:57  SCV  
  17  1:09  SCV  
  18  1:12  Barracks  
  18  1:21  SCV  
  19  1:30  Reaper  
  19  1:32  Supply Depot  
  20  1:33  SCV  
  20  1:39  Refinery  
  21  1:45  SCV  
  22  1:57  SCV  
  22  1:59  Reaper  
  24  2:02  Reaper  
  25  2:15  Orbital Command  
  25  2:22  Factory  
  25  2:25  Supply Depot  
  25  2:36  Barracks Tech Lab, Barracks Reactor  
  25  2:40  SCV  
  26  2:52  SCV  
  27  3:12  Factory Tech Lab  
  27  3:16  SCV  
  27  3:17  Starport  
  28  3:20  Marine x2  
  28  3:21  Stimpack  
  30  3:28  SCV  
  31  3:40  SCV  
  32  3:52  SCV  
  33  3:59  Starport Reactor  
  33  4:00  Marine x2, Siege Tank  
  37  4:04  SCV  
  37  4:12  Barracks  
  37  4:15  Barracks, Supply Depot  
  37  4:16  SCV  
  38  4:19  Engineering Bay  
  38  4:20  Marine  
  39  4:37  Marine x3, Medivac, SCV  
  45  4:40  Medivac  
  47  4:50  Supply Depot  
  47  5:00  Barracks Reactor  
  47  5:03  Barracks Reactor  
  47  5:11  Marine x3, SCV  
  51  5:21  Combat Shields  
  51  5:29  Marine x3  
  52  5:46  Marine  
  52  5:54  Marine x3  
  55  6:01  Marine  
  55  6:15  Marine  
  55  6:18  Marine  
  55  6:20  Marine  
  55  6:48  Marine x7, Medivac x2  
  66  7:06  Marine x5  
  71  7:26  Marine  
  71  7:27  Marine  
  71  7:28  Marine  
  71  7:29  Marine  
  71  7:30  Marine x2  
  71  7:31  Marine  
  62  7:44  Marine x2  
  62  7:46  Marine  
  62  7:47  Marine x2  
  62  7:49  Marine  
Show
View Real Time Build Order
Export as new Build Order

Getin Zerg - Winner!

Build Orders: Pool Only 

Get SALT Encoding   

  12  0:04  Drone  
  13  0:13  Drone  
  14  0:18  Overlord  
  14  0:36  Spawning Pool  
  14  0:39  Drone  
  15  0:42  Drone  
  15  0:47  Drone  
  16  0:52  Drone  
  17  0:57  Extractor  
  17  1:00  Extractor  
  17  1:02  Drone  
  16  1:14  Drone  
  17  1:23  Queen  
  19  1:30  Drone  
  20  1:43  Roach Warren, Drone  
  20  1:46  Drone  
  21  2:00  Lair  
  21  2:07  Drone  
  22  2:08  Overlord  
  22  2:24  Overlord  
  22  2:41  Roach x3  
  22  2:42  Roach  
  30  2:50  Drone  
  31  3:02  Hydralisk Den  
  31  3:05  Zergling x2  
  31  3:06  Metabolic Boost  
  31  3:15  Queen  
  33  3:33  Drone x2  
  35  3:38  Roach  
  35  3:40  Overlord  
  37  3:46  Overseer  
  37  4:10  Roach x4  
  45  4:20  Ravager  
  46  4:24  Overlord  
  46  4:25  Overlord  
  46  4:26  Overlord  
  46  4:34  Muscular Augments  
  46  4:59  Hydralisk x2  
  46  5:00  Hydralisk x2  
  46  5:05  Roach  
  56  5:12  Glial Reconstitution  
  52  6:15  Hydralisk x2  
  52  6:16  Hydralisk x3  
  62  6:51  Overlord x3  
  62  6:52  Overlord  
  62  6:55  Hydralisk  
  64  7:15  Ravager x2  
  66  7:16  Ravager x3  
  50  7:57  Hydralisk x5  
  50  7:58  Hydralisk  
Tags
 
Add a new tag
Caveats
  • Supply blocks, unpowered buildings, or Contaminate may cause inaccurate times.
  • Supply counts are checked every 10 seconds.